 Dungeon Crawl Stone Soup version 0.23-a0-121-g4413648 (webtiles) character file.

27765 Amnesiac the Thaumaturge (level 13, -6/79 HPs)
             Began as a Mummy Air Elementalist on Aug 25, 2018.
             Was the Champion of Vehumet.
             Killed from afar by a deep elf mage (26 damage)
             ... with a shard of ice
             ... on level 1 of the Elven Halls on Aug 26, 2018.
             The game lasted 00:41:05 (21326 turns).

Amnesiac the Thaumaturge (Mummy Air Elementalist)  Turns: 21326, Time: 00:41:06

Health: -6/79      AC: 13    Str: 11    XL:     13   Next: 6%
Magic:  7/44       EV: 12    Int: 20    God:    Vehumet [******]
Gold:   217        SH:  0    Dex: 14    Spells: 13/36 levels left

rFire    + . .     SeeInvis +   a - staff of power
rCold    + . .     Gourm    .   (no shield)
rNeg     + + +     Faith    .   z - +2 robe {rC+ rF+}
rPois    ∞         Spirit   .   y - +3 crown of Dyrovepreva {rElec Int+2 SInv}
rElec    +         Reflect  .   l - +1 cloak {rPois}
rCorr    .         Harm     +   d - +0 pair of gloves
MR       +....                  w - +2 pair of boots
Stlth    ++........             t - amulet of harm
HPRegen  0.23/turn              q - ring of see invisible
MPRegen  0.29/turn              u - ring of fire

@: no status effects
A: no food or potions, fire vulnerability, cold resistance 1, negative energy
resistance 3, torment resistance, unbreathing, in touch with death 1
a: Renounce Religion


You were on level 1 of the Elven Halls.
You worshipped Vehumet.
Vehumet was exalted by your worship.
You were not hungry.

You visited 4 branches of the dungeon, and saw 16 of its levels.
You also visited: Sewer and Ossuary.

You collected 1339 gold pieces.
You spent 1122 gold pieces at shops.

Inventory:

Hand Weapons
 b - a +1 scimitar of flaming
Armour
 d - a +0 pair of gloves (worn)
 l - a +1 cloak of poison resistance (worn)
 w - a +2 pair of boots (worn)
 y - the +3 crown of Dyrovepreva (worn) {rElec Int+2 SInv}
   (You bought it in a shop on level 12 of the Dungeon)

   It affects your intelligence (+2).
   It insulates you from electricity.
   It lets you see invisible.
 z - a +2 robe of resistance (worn)
Magical Staves
 a - an uncursed staff of power (weapon)
Jewellery
 q - a ring of see invisible (left hand)
 s - an uncursed ring of resist corrosion
 t - an amulet of harm (around neck)
 u - a ring of fire (right hand)
Wands
 m - a wand of enslavement (12)
 x - a wand of flame (23)
Scrolls
 c - 5 scrolls of amnesia {!r}
 e - 5 scrolls of magic mapping {!r}
 f - 2 scrolls of fear {!r}
 g - 6 scrolls of identify {!r}
 h - 2 scrolls of remove curse {!r}
 i - a scroll of brand weapon {!r}
 j - 3 scrolls of teleportation {!r}
 k - 6 scrolls of fog {!r}
 n - 2 scrolls of enchant weapon {!r}
 p - 2 scrolls of enchant armour {!r}
 r - a scroll of torment {!r}
 v - 2 scrolls of blinking {!r}


   Skills:
 - Level 1.5 Dodging
 - Level 1.5 Stealth
 + Level 12.0 Spellcasting
 * Level 11.9 Conjurations
 * Level 11.9 Air Magic


You had 13 spell levels left.
You knew the following spells:

 Your Spells              Type           Power        Failure   Level  Hunger
a - Airstrike             Air            ######....   1%          4    N/A
b - Passwall              Tmut/Erth      ##......     9%          2    N/A
c - Mephitic Cloud        Conj/Pois/Air  #####...     1%          3    N/A
d - Lightning Bolt        Conj/Air       ######....   1%          5    N/A
e - Shock                 Conj/Air       ####         1%          1    N/A
s - Conjure Ball Lightni  Conj/Air       ######....   1%          6    N/A
z - Swiftness             Chrm/Air       #####...     1%          2    N/A

Your spell library contained the following spells:

 Spells                   Type           Power        Failure   Level  Hunger
 Sandblast                Erth           ##....       1%          1    N/A
 Dazzling Spray           Conj/Hex       #####.       1%          3    N/A
 Static Discharge         Conj/Air       ######..     1%          3    N/A
 Stone Arrow              Conj/Erth      #####.       1%          3    N/A
 Sticky Flame             Conj/Fire      ######..     1%          4    N/A
 Apportation              Tloc           ##....       5%          1    N/A
 Corona                   Hex            ##.....      5%          1    N/A
 Summon Butterflies       Summ           ##......     5%          1    N/A
 Ensorcelled Hibernation  Hex/Ice        ##....       9%          2    N/A
 Confuse                  Hex            ##......     17%         3    N/A
 Lesser Beckoning         Tloc           ##........   17%         3    N/A
 Tukima's Dance           Hex            ##......     17%         3    N/A
 Lee's Rapid Deconstruct  Erth           ##........   36%         5    N/A
 Petrify                  Tmut/Erth      ##......     50%         4    N/A
 Alistair's Intoxication  Tmut/Pois      ##......     83%         5    N/A
 Ozocubu's Refrigeration  Ice            ##........   88%         6    N/A
 Invisibility             Hex            ##......     100%        6    N/A
 Ice Form                 Ice/Tmut       Unusable     N/A         4    N/A

Dungeon Overview and Level Annotations

Branches:
Dungeon (12/15)            Temple (1/1) D:7            Lair (0/6) D:8
    Orc (2/2) D:12            Elf (1/3) Orc:2

Altars:
Ashenzari
Cheibriados
Dithmenos
Elyvilon
Fedhas
Gozag
Hepliaklqana
Kikubaaqudgha
Makhleb
Nemelex Xobeh
Okawaru
Qazlal
Ru
Sif Muna
Trog
Uskayaw
Vehumet
Wu Jian
Xom
Yredelemnul
Zin
The Shining One
Beogh

Shops:
D:6 (   D:9 :   D:12 :?*[   Orc:2 :[(*

Portals:
Trove: D:12 (give +6 demon trident)


Innate Abilities, Weirdness & Mutations

You do not eat or drink.
Your flesh is vulnerable to fire.
You are immune to poison.
Your flesh is cold resistant. (rC+)
You are immune to negative energy. (rN+++)
You are immune to unholy pain and torment.
You can survive without breathing.
You are in touch with the powers of death.


Message History

Casting: Airstrike (safe; 1% risk of failure)
Confirm with . or Enter, or press ? or * to list all spells.
Aiming: Airstrike (safe; 1% risk of failure)
Press: ? - help, Dir - move target cursor, f - deep elf mage
Aim: a deep elf mage, wielding a rapier and wearing a scale mail The air twists around and strikes the deep elf mage!
The deep elf mage is moderately wounded.
Casting: Airstrike (safe; 1% risk of failure)
Confirm with . or Enter, or press ? or * to list all spells.
Aiming: Airstrike (safe; 1% risk of failure)
Press: ? - help, Dir - move target cursor, f/p - deep elf mage
Aim: a deep elf mage, wielding a rapier and wearing a scale mail (moderately wounded)
The air twists around and strikes the deep elf mage!
The deep elf mage is severely wounded.
A deep elf archer comes into view. It is wielding a short sword.
The deep elf mage casts a spell.
The deep elf mage blinks!
You open the door.
A scimitar of draining comes into view.
There is an open door here.
The scimitar of draining hits you but does no damage.
The scimitar of draining hits you!!
The deep elf mage casts a spell.
The deep elf mage blinks!
Casting: Airstrike (safe; 1% risk of failure)
Confirm with . or Enter, or press ? or * to list all spells.
Aiming: Airstrike (safe; 1% risk of failure)
Press: ? - help, Dir - move target cursor, f - scimitar of draining
Aim: a scimitar of draining The air twists around and violently strikes the scimitar of draining!
The scimitar of draining is heavily damaged.
The scimitar of draining hits you!
Casting: Airstrike (safe; 1% risk of failure)
Confirm with . or Enter, or press ? or * to list all spells.
Aiming: Airstrike (safe; 1% risk of failure)
Press: ? - help, Dir - move target cursor, f/p - scimitar of draining
Aim: a scimitar of draining (heavily damaged)
The air twists around and violently strikes the scimitar of draining!
The scimitar of draining falls from the air.
Vehumet accepts your kill.
Your Spellcasting skill increases to level 12!
Unknown command.
Evoke which item? (* to show all) (? for menu, Esc to quit)
Okay, then.
The deep elf archer unwields an uncursed short sword.
The deep elf archer wields an uncursed longbow.
The deep elf archer shoots an arrow.
The arrow hits you!
* * * LOW HITPOINT WARNING * * *
You see here an arrow.
The deep elf archer shoots an arrow.
The arrow hits you!
* * * LOW HITPOINT WARNING * * *
You see here an arrow.
The deep elf archer shoots an arrow.
The arrow hits you.
* * * LOW HITPOINT WARNING * * *
You hear a shout!
You see here an arrow.
Found a leather armour.
Okay, then.
You open the door.
A deep elf mage comes into view. It is wielding a rapier.
A deep elf sorcerer comes into view. It is wielding a dagger.
The deep elf mage casts a spell at you. The shard of ice hits you!
You partially resist.
You die...

,,,,,,,,.....,,,,,,,,,,*,*
,,,,,,,.......,...e......#
,,,,,,.#..........#.#.#..#
#####..........#........#*
.....,...#.#...##.#.#.#.#
#######....)...##.......#
...).....#.#...##.#.#.#.#
#####..........##....[..#
##....)....'@....#..#
#........e####....#*
#.........# #..###
###........## #..#
#.........## #..#
#.#......## #..#
#.#.####'# #..# * #,#.#
##e#######(.# ****,#.*
#..e...(.(..#


You could see a deep elf sorcerer (wandering) and a deep elf mage.

Vanquished Creatures
  An orc warlord (Orc:2)
  Harold (D:7)
  The ghost of Scuka the Geomancer, a journeyman GrEE of Sif Muna (D:10)
  Erica (D:9)
  2 dancing weapons (Elf:1)
  An orc high priest (Orc:2)
  2 unseen horrors (D:12)
  A wolf spider zombie (D:9)
  4 orc sorcerers
  5 deep elf magi (Elf:1)
  A centaur zombie (D:12)
  2 gargoyles
  2 kobold demonologists
  4 trolls
  Prince Ribbit (D:7)
  6 hippogriffs
  2 shadows (D:11)
  A spriggan (D:7)
  3 yaks (D:11)
  5 wyverns
  3 wargs (Orc:2)
  Edmund (D:5)
  Menkaure (D:5)
  2 soldier ants
  41 orc warriors
  4 sky beasts
  4 ice beasts
  2 necrophages
  16 ogres
  3 phantoms
  7 centaurs
  2 big kobolds
  4 bullfrogs
  2 wyvern zombies
  A gnoll sergeant (D:12)
  A wyvern skeleton (D:6)
  A scorpion (D:11)
  3 wights (D:6)
  A howler monkey (D:4)
  4 crimson imps
  2 jellies
  A quasit (D:6)
  6 hounds
  A bullfrog zombie (D:7)
  3 human zombies (Ossuary)
  2 bullfrog skeletons
  4 centaur skeletons
  28 orc priests
  Crazy Yiuf (D:5)
  39 orc wizards
  Ijyb (D:5)
  3 iguanas
  6 worker ants
  A killer bee zombie (D:8)
  3 big kobold zombies (Ossuary)
  4 mummies (Ossuary)
  5 gnolls
  15 adders
  A howler monkey skeleton (D:8)
  4 river rats (Sewer)
  2 shadow imps
  5 oozes
  2 adder zombies
  An adder skeleton (D:7)
  5 worms
  A dart slug (D:3)
  4 leopard geckos
  106 orcs
  2 giant cockroaches
  7 goblins
  6 hobgoblins
  5 jackals
  4 quokkas
  16 ball pythons
  12 bats
  12 frilled lizards
  A goblin zombie (Ossuary)
  16 kobolds
  2 leopard gecko skeletons
  An orc zombie (Ossuary)
  2 quokka skeletons
  3 quokka zombies
  39 rats
  A spectral orc (D:2)
534 creatures vanquished.

Vanquished Creatures (others)
  An ogre (Orc:1)
  An orc wizard (Orc:1)
2 creatures vanquished.

Grand Total: 536 creatures vanquished

Notes
Turn   | Place    | Note
-------+----------+-------------------------------------------
     0 | D:1      | Amnesiac the Mummy Air Elementalist began the quest for the Orb.
     0 | D:1      | Reached XP level 1. HP: 13/13 MP: 4/4
    92 | D:1      | You fall through a shaft!
   112 | D:2      | Found an opulent altar of Gozag.
   456 | D:2      | Reached XP level 2. HP: 16/19 MP: 3/5
   460 | D:2      | Learned a level 2 spell: Swiftness
   804 | D:2      | Reached skill level 3 in Spellcasting
   983 | D:4      | Reached XP level 3. HP: 24/24 MP: 2/7
  1089 | D:4      | Reached XP level 4. HP: 30/30 MP: 3/9
  1095 | D:4      | Learned a level 4 spell: Airstrike
  1125 | D:4      | Found a sand-covered staircase.
  1264 | D:4      | Reached skill level 4 in Spellcasting
  1364 | D:4      | Reached XP level 5. HP: 21/35 MP: 5/11
  1451 | Ossuary  | Entered an ossuary
  2095 | Ossuary  | Reached XP level 6. HP: 41/41 MP: 5/13
  2192 | Ossuary  | Reached skill level 5 in Spellcasting
  2239 | Ossuary  | Reached skill level 5 in Air Magic
  2914 | D:4      | Found a shattered altar of Ashenzari.
  2914 | D:4      | Found a white marble altar of Elyvilon.
  2916 | D:4      | Found an iron altar of Okawaru.
  3251 | D:4      | Found a sacrificial altar of Ru.
  3278 | D:4      | Reached XP level 7. HP: 27/46 MP: 7/15
  3435 | D:5      | Entered Level 5 of the Dungeon
  3455 | D:5      | Learned a level 5 spell: Lightning Bolt
  3470 | D:5      | Noticed Ijyb
  3626 | D:5      | Noticed Menkaure
  3638 | D:5      | Killed Menkaure
  3795 | D:5      | Found a shimmering altar of Xom.
  3796 | D:5      | Found a hazy altar of Hepliaklqana.
  3797 | D:5      | Noticed a spectral ugly thing
  3856 | D:5      | Found a glowing drain.
  3945 | Sewer    | Entered a sewer
  4542 | Sewer    | Reached XP level 8. HP: 21/52 MP: 6/16
  5332 | D:5      | Paralysed by Ijyb for 3 turns
  5342 | D:5      | Killed Ijyb
  5564 | D:6      | Reached skill level 6 in Spellcasting
  5686 | D:6      | Reached skill level 7 in Spellcasting
  5933 | D:6      | Reached skill level 8 in Spellcasting
  5990 | D:6      | Found Uteimye's Weapon Shoppe.
  6009 | D:6      | Noticed an air elemental
  6016 | D:6      | Found a stormy altar of Qazlal.
  6096 | D:5      | Found a deep blue altar of Sif Muna.
  6249 | D:5      | Noticed Edmund
  6262 | D:5      | Killed Edmund
  6501 | D:5      | Found a runed door.
  6505 | D:5      | Noticed Crazy Yiuf
  6509 | D:5      | Killed Crazy Yiuf
  6830 | D:6      | Reached XP level 9. HP: 57/57 MP: 12/21
  6986 | D:6      | Identified a scroll of acquirement {!r}
  7314 | D:7      | Noticed Prince Ribbit
  7318 | D:7      | Killed Prince Ribbit
  7527 | D:7      | Reached skill level 5 in Conjurations
  7919 | D:7      | Found a staircase to the Ecumenical Temple.
  7928 | Temple   | Entered the Ecumenical Temple
  8016 | Temple   | Became a worshipper of Vehumet
  8853 | D:2      | Reached * piety under Vehumet
  8853 | D:2      | Offered knowledge of Magic Dart by Vehumet.
  8880 | D:2      | Found a bloodstained altar of Trog.
  9415 | D:2      | Found a basalt altar of Yredelemnul.
  9546 | D:3      | Reached ** piety under Vehumet
  9546 | D:3      | Offered knowledge of Searing Ray by Vehumet.
 10176 | D:7      | Noticed Harold
 10618 | D:7      | Learned a level 2 spell: Passwall
 10896 | D:7      | Killed Harold
 10896 | D:7      | Reached XP level 10. HP: 53/63 MP: 11/22
 11399 | D:8      | Found a staircase to the Lair.
 12153 | D:8      | Offered knowledge of Throw Frost by Vehumet.
 12309 | D:9      | Found Vopn's Book Boutique.
 12473 | D:9      | Noticed Erica
 12478 | D:9      | Killed Erica
 12626 | D:9      | Reached skill level 9 in Spellcasting
 12637 | D:9      | Reached *** piety under Vehumet
 12780 | D:9      | Found a sparkling altar of Nemelex Xobeh.
 12873 | D:9      | Found a burning altar of Makhleb.
 13003 | D:10     | Entered Level 10 of the Dungeon
 13429 | D:10     | Offered knowledge of Mephitic Cloud by Vehumet.
 13448 | D:10     | Learned a level 3 spell: Mephitic Cloud
 13546 | D:10     | Noticed a gargoyle
 13549 | D:10     | Killed a gargoyle
 13549 | D:10     | Reached XP level 11. HP: 68/68 MP: 24/24
 13807 | D:10     | Found a runed door.
 13809 | D:10     | Noticed Scuka's ghost (journeyman GrEE)
 13818 | D:10     | Killed Scuka's ghost
 14315 | D:11     | Reached **** piety under Vehumet
 14404 | D:11     | Reached skill level 10 in Spellcasting
 14408 | D:11     | Reached skill level 10 in Conjurations
 14568 | D:11     | Reached skill level 10 in Air Magic
 14643 | D:11     | Identified Leisutar's Papyrus of Snow and the Volcanoes
 15394 | D:11     | Offered knowledge of Inner Flame by Vehumet.
 15659 | D:12     | Found Oriu's Magic Scroll Shoppe.
 15712 | D:12     | Noticed an unseen horror
 15718 | D:12     | Killed an unseen horror
 15849 | D:12     | Found Oreorelu's Assorted Antiques.
 15911 | D:12     | Found a portal to a secret trove of treasure.
 15997 | D:12     | Reached ***** piety under Vehumet
 16112 | D:12     | Offered knowledge of Conjure Ball Lightning by Vehumet.
 16300 | D:12     | Found a staircase to the Orcish Mines.
 16350 | D:12     | Found Janehydu's Armour Boutique.
 16358 | D:12     | Bought the +3 crown of Dyrovepreva {rElec Int+2 SInv} for 538 gold pieces
 16358 | D:12     | Found the +3 crown of Dyrovepreva {rElec Int+2 SInv}
 16494 | D:12     | Noticed an unseen horror
 16497 | D:12     | Killed an unseen horror
 16497 | D:12     | Reached XP level 12. HP: 74/74 MP: 26/26
 16511 | D:12     | Found Nashren's Book Emporium.
 16581 | Orc:1    | Entered Level 1 of the Orcish Mines
 17277 | Orc:1    | Reached skill level 11 in Spellcasting
 17345 | D:12     | Learned a level 6 spell: Conjure Ball Lightning
 17775 | Orc:2    | Entered Level 2 of the Orcish Mines
 18561 | Orc:2    | Found a staircase to the Elven Halls.
 18681 | Orc:2    | Noticed an orc high priest
 18686 | Orc:2    | Killed an orc high priest
 19570 | Orc:2    | Found a roughly hewn altar of Beogh.
 19573 | Orc:2    | Found Kuewnosi's Assorted Antiques.
 20193 | Orc:2    | Noticed an orc warlord
 20273 | Orc:2    | Killed an orc warlord
 20371 | Orc:2    | Found Sygiaz's Antique Armour Shoppe.
 20372 | Orc:2    | Found a roughly hewn altar of Beogh.
 20373 | Orc:2    | Found Piurhot's Antique Weapon Emporium.
 20598 | Orc:2    | Found a roughly hewn altar of Beogh.
 20604 | Orc:2    | Found Haru's Book Boutique.
 20805 | Orc:2    | Found a roughly hewn altar of Beogh.
 20899 | Orc:2    | Found a roughly hewn altar of Beogh.
 20943 | Orc:2    | Found a roughly hewn altar of Beogh.
 21062 | Orc:2    | Bought a pair of glowing boots for 292 gold pieces
 21072 | Orc:2    | Bought a pair of embroidered boots for 292 gold pieces
 21139 | Elf:1    | Entered Level 1 of the Elven Halls
 21266 | Elf:1    | Gained mutation: You are in touch with the powers of death. [Mummy growth]
 21266 | Elf:1    | Reached XP level 13. HP: 79/79 MP: 21/28
 21297 | Elf:1    | Reached ****** piety under Vehumet
 21310 | Elf:1    | Reached skill level 12 in Spellcasting
 21326 | Elf:1    | Noticed a deep elf sorcerer
 21326 | Elf:1    | Killed from afar by a deep elf mage

Vault maps used:
D:1:      sevenhm_arrival_forest_fort_small_3
D:2:      yredelemnul_forgotten_temple_becter, lemuel_coloured_pillars_altar,
          bloody_trog, kennysheep_generic_room_10
D:4:      marbit_many_paths, nicolae_overflow_hidden_temple,
          nicolae_ossuary_entry_false_entrances
D:5:      regret_index_temple_of_mockery, lemuel_blue_sif_altar,
          portal_sewer_entry_b, first_ration, uniq_edmund, uniq_ijyb,
          uniq_crazy_yiuf_cottage, uniq_menkaure
D:6:      nicolae_qazlal_style_of_elements, serial_shops, kennysheep_mini_moat,
          hex_large
D:7:      minmay_temple_entry_butterflies, the_bakery, uniq_prince_ribbit1,
          uniq_harold
D:8:      lair_entry_dummy, minmay_holes
D:9:      makhleb_grotto_becter, lemuel_doored_altar, serial_shops,
          nicolae_shop_temple_entry_statues_fountains, serial_corexii_hall,
          corexii_hall_statues_i, corexii_hall_statues_u,
          corexii_hall_statues_l, corexii_hall_statues_s, uniq_erica
D:10:     ebering_ghost_reflecting_pool, minivault_27
D:12:     kennysheep_orc_monster_closet_entryway, enter_trove_3, serial_shops,
          shop, nicolae_shop_waterfront, shop_statue, shop
Temple:   dpeg_three_leaves_temple
Orc:2:    grunt_orc_community_town_hall, grunt_orc_community_big_house_2,
          grunt_orc_community_big_house_1, grunt_orc_community_house_3,
          grunt_orc_community_house_3, grunt_orc_community_house_1,
          grunt_orc_community_house_1, grunt_orc_community_house_2,
          minmay_orc_keep
Elf:1:    minmay_elf_arrival_plus, portal_ice_cave_entry_ice_statue_one,
          serial_co_window_serial, co_window_paths_a, co_window_paths_a,
          co_window_paths_a, co_window_of_opportunity_a, co_window_paths_b,
          co_window_corner_a, co_window_paths_b, co_window_cross_4,
          co_window_unsneaky_path_a, co_window_of_opportunity_b,
          co_window_corner_b, co_window_corner_b, glass_columns_b,
          glass_columns_a, glass_columns_a, glass_columns_b
Sewer:    sewer_minmay_w
Ossuary:  ossuary_crypta

Skill      XL: |  1  2  3  4  5  6  7  8  9 10 11 12 13 |
---------------+----------------------------------------+-----
Spellcasting   | 3 4 5 8 9 10 11 12 | 12.0
Air Magic      | 3 4 5 7 8 9 10 11 | 11.9
Conjurations   | 3 7 9 10 11 | 11.9
Dodging        | |  1.5
Stealth        | |  1.5

Action                   |  1- 3 |  4- 6 |  7- 9 | 10-12 | 13-15 || total
-------------------------+-------+-------+-------+-------+-------++-------
Melee: Unarmed           |       |       |     4 |       |       ||     4
       Staff             |       |       |       |     1 |       ||     1
 Cast: Shock             |    43 |   133 |   227 |    60 |       ||   463
       Swiftness         |       |     1 |     1 |       |       ||     2
       Airstrike         |       |       |   147 |   515 |     9 ||   671
       Lightning Bolt    |       |       |     3 |    24 |       ||    27
Evoke: Wand              |       |       |       |     8 |       ||     8
  Use: Scroll            |       |     9 |     7 |     9 |       ||    25
Armor: Robe              |     9 |     7 |    18 |    12 |       ||    46
       Leather armour    |       |       |     1 |    39 |       ||    40
Dodge: Dodged            |    30 |    35 |    81 |    66 |     1 ||   213

Table legend:
 A = Non-vault XP
 B = Vault XP
 C = Vault XP percentage of total XP
 D = Non-vault monster count
 E = Vault monster count
 F = Vault count percentage of total count
                 A         B        C        D         E       F
            +---------+---------+-------+---------+---------+-------
      Total |   26219 |   13446 |  33.9 |     356 |     178 |  33.3
            +---------+---------+-------+---------+---------+-------
        D:1 |      33 |       0 |   0.0 |      22 |       0 |   0.0
        D:2 |      80 |       5 |   5.9 |      29 |       3 |   9.4
        D:3 |      95 |       0 |   0.0 |      28 |       0 |   0.0
        D:4 |     315 |     125 |  28.4 |      19 |       1 |   5.0
        D:5 |     562 |     401 |  41.6 |      13 |      10 |  43.5
        D:6 |     935 |       0 |   0.0 |      17 |       0 |   0.0
        D:7 |    1005 |    1487 |  59.7 |      24 |       3 |  11.1
        D:8 |    1579 |       0 |   0.0 |      23 |       0 |   0.0
        D:9 |    1127 |     951 |  45.8 |      11 |       2 |  15.4
       D:10 |    2460 |     950 |  27.9 |      22 |       1 |   4.3
       D:11 |    4854 |       0 |   0.0 |      37 |       0 |   0.0
       D:12 |    3440 |    1394 |  28.8 |      23 |      20 |  46.5
      Orc:1 |    2801 |       0 |   0.0 |      40 |       0 |   0.0
      Orc:2 |    4520 |    5202 |  53.5 |      45 |      74 |  62.2
      Elf:1 |    2413 |    2301 |  48.8 |       3 |       4 |  57.1
      Sewer |       0 |     346 | 100.0 |       0 |      48 | 100.0
    Ossuary |       0 |     284 | 100.0 |       0 |      12 | 100.0
            +---------+---------+-------+---------+---------+-------
